 Dungeon Crawl Stone Soup version 0.30-a0-297-g0ec75d9ef4 (webtiles) character file.

Game seed: 4640284050063580150

106 gruber the Conjurer (level 4, -1/27 HPs)
             Began as an Octopode Conjurer on Oct 19, 2022.
             Slain by Pargi (2 damage)
             ... in a sewer.
             The game lasted 00:03:01 (3156 turns).

gruber the Conjurer (Octopode Conjurer)             Turns: 3156, Time: 00:03:02

Health: -1/27      AC:  1    Str:  6    XL:     4   Next: 84%
Magic:  0/7        EV: 17    Int: 22    God:
Gold:   231        SH:  0    Dex: 10    Spells: 0/7 levels left

rFire   . . .      SeeInvis .    i - +0 long sword
rCold   . . .      Faith    .    (no shield)
rNeg    . . .      Spirit   +    (helmet restricted)
rPois   +          Reflect  .    n - amulet of guardian spirit
rElec   .          Harm     .    f - +4 ring of evasion
rCorr   .          Rampage  .    o - ring of willpower
Will    +....                    s - ring of poison resistance
Stlth   ++++......               (no ring)
HPRegen 0.24/turn                (no ring)
MPRegen 0.10/turn                (no ring)
                                 (no ring)
                                 (no ring)

@: no status effects
A: almost no armour, amphibious, 8 rings, camouflage 1, gelatinous body 1,
nimble swimmer 1, tentacles
a: no special abilities


You were in a sewer.
You visited 1 branch of the dungeon, and saw 4 of its levels.
You also visited: Sewer.

You collected 231 gold pieces.

Inventory:

Hand Weapons
 i - a +0 long sword (weapon)
Jewellery
 f - a +4 ring of evasion (left tentacle)
 j - a ring of fire
 n - an amulet of guardian spirit (around mantle)
 o - a ring of willpower (right tentacle)
 s - a ring of poison resistance (on tentacle)
Wands
 u - a wand of paralysis (17)
Scrolls
 c - 3 scrolls of identify {unknown}
 d - a scroll of brand weapon {unknown}
 l - a scroll of magic mapping {unknown}
 m - a scroll of noise {unknown}
 p - a scroll of teleportation {unknown}
 r - a scroll of acquirement {unknown}
Potions
 a - a potion of magic
 b - a potion of brilliance {unknown}
 e - 4 potions of curing {unknown}
 g - 2 potions of degeneration {unknown}
 h - 3 potions of heal wounds {unknown}
 k - 2 potions of haste {unknown}
 q - a potion of lignification {unknown}
 t - 3 potions of might {unknown}


   Skills:
 * Level 2.0 Dodging
 - Level 2.6 Stealth
 - Level 2.0 Spellcasting
 - Level 6.0 Conjurations


You couldn't memorise any spells.
You knew the following spells:

 Your Spells              Type           Power      Damage    Failure   Level
a - Magic Dart            Conj           100%       1d8       1%          1
b - Searing Ray           Conj           56%        2d6       1%          2
c - Iskenderun's Mystic   Conj/Tloc      15%        2d5       36%         4

Your spell library contained the following spells:

 Spells                   Type           Power      Damage    Failure   Level
 Foxfire                  Conj/Fire      60%        2x1d7     4%          1
 Dazzling Flash           Conj/Hex       30%        N/A       12%         3
 Summon Small Mammal      Summ           8%         N/A       14%         1
 Sublimation of Blood     Necr           2%         N/A       21%         2
 Wereblood                Tmut           2%         N/A       21%         2
 Fulminant Prism          Conj/Hex       7%         3d7       36%         4
 Call Canine Familiar     Summ           2%         N/A       38%         3
 Summon Guardian Golem    Hex/Summ       2%         N/A       38%         3
 Fireball                 Conj/Fire      7%         3d5       73%         5
 Starburst                Conj/Fire      7%         6d4       99%         6
 Summon Hydra             Summ           1%         N/A       100%        7


Dungeon Overview and Level Annotations

Branches:
Dungeon (4/15)              Sewer (1/1)
 Temple: D:4-7

Altars:
Okawaru

Annotations:
Sewer Pargi


Innate Abilities, Weirdness & Mutations

You cannot wear most types of armour.
You are amphibious.
You can wear up to eight rings at the same time.
Your skin changes colour to match your surroundings (Stealth+).
Your rubbery body absorbs attacks. (AC +1, EV +1)
You are camouflaged when in or above water. (Stealth+)
You have tentacles for arms and can constrict up to eight enemies at once.


Message History

Casting: Magic Dart (safe; 1% risk of failure)
Confirm with . or Enter, or press ? or * to list all spells.
Aiming: Searing Ray (safe; 1% risk of failure)
Press: ? - help, Shift-Dir - straight line, f - Pargi
Aim: Pargi (74% to hit)
The searing ray hits Pargi.
Pargi is lightly wounded. (Press . to maintain the ray.) Pargi hisses, "I bite!"
Unknown command.
The searing ray hits Pargi!
Pargi is moderately wounded.
Pargi misses you. Pargi claws you. Pargi closely misses you.
The searing ray hits Pargi!
Pargi is heavily wounded.
Pargi bites you. Pargi barely misses you. Pargi claws you.
The searing ray misses Pargi.
You finish channelling your searing ray.
Pargi closely misses you. Pargi misses you. Pargi barely misses you.
You closely miss Pargi.
Pargi is heavily wounded.
Pargi completely misses you. Pargi claws you. Pargi misses you.
You hit Pargi.
Pargi is heavily wounded.
Pargi hisses, "I bite!"
Pargi bites you. Pargi closely misses you. Pargi claws you. Pargi bites you!
* * * LOW HITPOINT WARNING * * *
Pargi barely misses you. x2
You barely miss Pargi.
Pargi is heavily wounded.
Pargi bites you.
* * * LOW HITPOINT WARNING * * *
Pargi misses you. Pargi barely misses you.
You hit Pargi.
Pargi is heavily wounded.
Pargi snarls, "Go!
Away!"
Pargi bites you.
* * * LOW HITPOINT WARNING * * *
Pargi claws you.
You die...

##.## #.~.#
##.~.##
#..~..#
##~.~~~##
#...#~~.#
##~~###..##
#..~# #~~.#
#~@## ##~.#
#.T# #..#
#..# #..#
#~~## ##~~#
#..~# #.~.#
##..###T.##
#..~#~..#
##.~.~.##
#~~.~~#


You could see Pargi.

Vanquished Creatures
  A river rat (D:4)
  3 adders
  A worm (D:3)
  A dart slug (D:1)
  An orc (D:4)
  13 ball pythons
  4 bats
  7 endoplasms
  3 giant cockroaches
  6 goblins
  2 hobgoblins (D:2)
  7 jackals
  A quokka (D:4)
  2 frilled lizards
  3 kobolds
  4 rats
59 creatures vanquished.

Vanquished Creatures (others)
  2 fungi (D:1)
  2 plants (D:1)
4 creatures vanquished.

Grand Total: 63 creatures vanquished

Notes
Turn   | Place    | Note
-------+----------+-------------------------------------------
     0 | D:1      | gruber the Octopode Conjurer began the quest for the Orb.
     0 | D:1      | Reached XP level 1. HP: 11/11 MP: 3/3
   143 | D:1      | Reached XP level 2. HP: 17/17 MP: 1/5
  1028 | D:2      | Reached XP level 3. HP: 21/21 MP: 3/6
  1108 | D:2      | Reached skill level 5 in Conjurations
  1751 | D:3      | Reached XP level 4. HP: 27/27 MP: 2/7
  1900 | D:3      | Learned a level 2 spell: Searing Ray
  1905 | D:3      | Learned a level 4 spell: Iskenderun's Mystic Blast
  2623 | D:4      | Found an iron altar of Okawaru.
  2939 | D:4      | Found a glowing drain.
  2953 | D:4      | Reached skill level 6 in Conjurations
  2970 | Sewer    | Entered a sewer
  3087 | Sewer    | Noticed Pargi
  3156 | Sewer    | HP: 1/27 [Pargi (1)]
  3156 | Sewer    | Slain by Pargi

Illustrated notes

Levels and vault maps discovered:
D:1:      lordsloth_arrival_two_stooges, layout_basic, serial_bayou_ford_a,
          dreamdust_mushroom_princess, minivault_24, kennysheep_crisscross,
          nrook_mini_vaults, serial_bayou_lake_a
D:2:      layout_loops_ring
D:3:      layout_basic, minmay_misc_feat_tiny, grunt_ministairs_4
D:4:      layout_rooms, okawaru_ov_weapons_minmay,
          minmay_temple_entry_stoned_glass, portal_sewer_entry_b, serial_shops,
          nicolae_diamond_shop, kennysheep_windowed_goal
Sewer:    sewer_the_moccasin

Skill      XL: |  1  2  3  4 |
---------------+-------------+-----
Conjurations   | 5 6 |  6.0
Dodging        | |  2.0
Stealth        | |  2.6
Spellcasting   | |  2.0

Action                   |  1- 3 |  4- 6 || total
-------------------------+-------+-------++-------
Melee: Unarmed           |    32 |       ||    32
       Constrict         |    10 |     5 ||    15
       Tentacles         |    11 |     1 ||    12
       Long sword        |    17 |    21 ||    38
 Cast: Magic Dart        |    43 |    22 ||    65
       Searing Ray       |       |     2 ||     2
 Stab: Sleeping          |     3 |       ||     3
Armor: Skin              |     3 |     3 ||     6
Dodge: Dodged            |    40 |    26 ||    66

Table legend: (Time is in decaauts)
 A = Elapsed time spent in this place.
 B = Non-inter-level travel time spent in this place.
 C = Inter-level travel time spent in this place.
 D = Time resting spent in this place.
 E = Time spent auto-exploring this place.
 F = Levels seen in this place.
 G = Mean time per level.
                   A        B        C        D        E       F      G
               +--------+--------+--------+--------+--------+-----+--------+
         Total |   3167 |   3104 |     63 |     40 |   2649 |   5 |  633.4 |
       Dungeon |   2978 |   2915 |     63 |      0 |   2582 |   4 |  744.5 |
         Sewer |    189 |    189 |      0 |     40 |     67 |   1 |  189.0 |
               +--------+--------+--------+--------+--------+-----+--------+

Top non-repeatable levels by time:
     D:3: 944 daAuts
     D:1: 901 daAuts
     D:2: 782 daAuts
     D:4: 350 daAuts
   Sewer: 189 daAuts
